 Dungeon Crawl Stone Soup version 0.31.0-11-ge490571c62 (webtiles) character file.

Game seed: 3551237875100189777

275879 monsoonserge the Slayer (level 19, 0/195 HPs)
             Began as a Minotaur Berserker on Jan 27, 2024.
             Was the Champion of Trog.
             Slain by a deep troll (10 damage)
             ... while paralysed by a sphinx
             ... on level 2 of the Depths on Jan 28, 2024.
             The game lasted 03:07:12 (36977 turns).

monsoonserge the Slayer (Minotaur Berserker)       Turns: 36977, Time: 03:07:13

Health: 0/195      AC: 34    Str: 35    XL:     19   Next: 95%
Magic:  27/27      EV:  2    Int:  7    God:    Trog [******]
Gold:   1819       SH:  0    Dex: 11    Spells: 18/18 levels left

rFire   + + .        Y - +6 broad axe (distort)
rCold   + . .        q - +0 tower shield
rNeg    + . .        i - +4 plate armour {Will+}
rPois   +            E - +1 hat {Stlth+}
rElec   .            l - +2 cloak
rCorr   +            O - +3 pair of gloves "Wiunwisu" {rN+ rCorr MP+9 Stlth-}
SInv    .            g - +1 pair of boots
Will    ++...        Z - amulet "Huot" {Acrobat Rampage rPois Slay+4 Stlth-} Stlth
                     y - +5 ring of evasion
HPRegen 0.52/turn    n - ring "Giposohi" {*Corrode rF++ rC+ Str+6 Int+3}
MPRegen 0.20/turn

%: corrode self (3%), acrobat, rampage
@: paralysed, flayed
A: horns 2, retaliatory headbutt
}: 1/15 runes: gossamer
a: Renounce Religion, Berserk, Trog's Hand, Brothers in Arms


You were on level 2 of the Depths.
You worshipped Trog.
Trog was exalted by your worship.
You visited 8 branches of the dungeon, and saw 34 of its levels.
You visited 1 bazaar.
You also visited: Gauntlet.

You collected 4186 gold pieces.
You spent 2367 gold pieces at shops.

Inventory:

Hand Weapons
 Y - a +6 broad axe of distortion (weapon)
Missiles
 o - 10 curare-tipped darts
 v - 9 throwing nets
 w - 51 boomerangs (quivered)
 B - 19 silver javelins
 C - 28 poisoned darts
 H - 13 atropa-tipped darts
 P - 21 javelins
 R - 3 darts of dispersal
Armour
 g - a +1 pair of boots (worn)
 i - a +4 plate armour of willpower (worn)
 l - a +2 cloak (worn)
 q - a +0 tower shield (worn)
 E - a +1 hat of stealth (worn)
 O - the +3 pair of gloves "Wiunwisu" (worn) {rN+ rCorr MP+9 Stlth-}
   (You found it in a Gauntlet)

   rN+:       It protects you from negative energy.
   MP+9:      It affects your magic capacity (+9).
   rCorr:     It protects you from acid and corrosion.
   Stlth-:    It makes you less stealthy.
Jewellery
 n - the ring "Giposohi" (right hand) {*Corrode rF++ rC+ Str+6 Int+3}
   (You bought it in a shop in a bazaar)

   [ring of strength]

   Str+6:     It affects your strength (+6).
   Int+3:     It affects your intelligence (+3).
   rF++:      It greatly protects you from fire.
   rC+:       It protects you from cold.
   *Corrode:  It may corrode you when you take damage.
 s - a ring of positive energy
 y - a +5 ring of evasion (left hand)
 S - the ring of Xom's Amusement {Fire +Blink rElec Will+}
   (You found it on level 1 of the Depths)

   [ring of fire]

   Fire:      It enhances your fire magic.
   rF+:       It protects you from fire.
   rC-:       It makes you vulnerable to cold.
   rElec:     It insulates you from electricity.
   Will+:     It increases your willpower.
   +Blink:    It lets you blink.
 Z - the amulet "Huot" (around neck) {Acrobat Rampage rPois Slay+4 Stlth-}
   (You acquired it on level 12 of the Dungeon)

   [amulet of the acrobat]

   Acrobat:   It increases your evasion while moving and waiting.
   Slay+4:    It affects your accuracy & damage with ranged weapons and melee
   (+4).
   rPois:     It protects you from poison Rampage: It bestows one free step when
   moving towards enemies.
   Stlth-:    It makes you less stealthy.
Wands
 x - a wand of flame (53)
 I - a wand of light (20)
 J - a wand of paralysis (32)
 K - a wand of digging (7)
 N - a wand of polymorph (13)
 T - a wand of roots (11)
Scrolls
 a - a scroll of silence
 c - 6 scrolls of enchant armour
 e - 7 scrolls of fear
 h - 10 scrolls of blinking
 j - 4 scrolls of revelation
 p - 3 scrolls of brand weapon
 t - 2 scrolls of fog
 A - 2 scrolls of butterflies
 F - a scroll of torment
 G - 8 scrolls of immolation
 L - 8 scrolls of teleportation
 W - a scroll of poison
Potions
 b - 6 potions of heal wounds
 d - 4 potions of invisibility
 f - 7 potions of ambrosia
 k - 2 potions of lignification
 m - 12 potions of curing
 r - 4 potions of might
 u - 2 potions of enlightenment
 z - 7 potions of cancellation
 D - 2 potions of mutation
 M - 2 potions of resistance
 V - 6 potions of haste
Miscellaneous
 Q - a sack of spiders
 U - a phantom mirror
 X - a phial of floods


   Skills:
 + Level 23.2 Fighting
 - Level 16.1(18.0) Axes
 - Level 13.3(16.6) Maces & Flails
 + Level 9.2 Throwing
 + Level 18.4 Armour
 + Level 10.5 Dodging
 + Level 1.6 Stealth
 + Level 19.8 Shields
 * Level 9.5 Evocations


You had 18 spell levels left.
You didn't know any spells.
Your spell library contained the following spells:

 Spells                   Type           Power      Damage    Failure   Level
 Apportation              Tloc           0%         N/A       94%         1
 Necrotise                Necr           0%         1d4       94%         1
 Sting                    Conj/Alch      0%         1d3       94%         1
 Summon Small Mammal      Summ           0%         N/A       94%         1
 Scorch                   Fire           0%         2d5       98%         2
 Sublimation of Blood     Necr           0%         N/A       98%         2
 Dazzling Flash           Conj/Hex       0%         N/A       100%        3
 Frozen Ramparts          Ice            0%         1d1       100%        3
 Hailstorm                Conj/Ice       0%         3d5       100%        3
 Summon Ice Beast         Ice/Summ       0%         N/A       100%        3
 Volatile Blastmotes      Fire/Tloc      0%         2d10      100%        3
 Animate Armour           Summ/Erth      0%         N/A       100%        4
 Animate Dead             Necr           0%         N/A       100%        4
 Leda's Liquefaction      Alch/Erth      0%         N/A       100%        4
 Olgreb's Toxic Radiance  Alch           0%         N/A       100%        4
 Petrify                  Alch/Erth      0%         N/A       100%        4
 Summon Lightning Spire   Summ/Air       0%         N/A       100%        4
 Vhi's Electric Charge    Tloc/Air       0%         N/A       100%        4
 Arcjolt                  Conj/Air       0%         1d10      100%        5
 Borgnjor's Vile Clutch   Necr/Erth      0%         N/A       100%        5
 Irradiate                Conj/Alch      0%         3d11      100%        5
 Lee's Rapid Deconstruct  Erth           0%         3d4*      100%        5
 Metabolic Englaciation   Hex/Ice        0%         N/A       100%        5
 Summon Forest            Summ/Tloc      0%         N/A       100%        5
 Death Channel            Necr           0%         N/A       100%        6
 Eringya's Noxious Bog    Alch           0%         4d6       100%        6
 Plasma Beam              Fire/Air       0%         2x1d10    100%        6
 Sculpt Simulacrum        Ice/Alch       0%         N/A       100%        6
 Starburst                Conj/Fire      0%         6d3       100%        6
 Haunt                    Necr/Summ      0%         N/A       100%        7
 Summon Hydra             Summ           0%         N/A       100%        7
 Infestation              Necr           0%         N/A       100%        8
 Maxwell's Capacitive Co  Air            0%         ∞         100%        8


Dungeon Overview and Level Annotations

Branches:
Dungeon (15/15)            Temple (1/1) D:4            Lair (5/5) D:11
 Shoals (1/4) Lair:2       Spider (4/4) Lair:3        Slime (0/5) Lair:5
    Orc (2/2) D:10            Elf (0/3) Orc:2        Vaults (4/5) D:14
  Crypt (0/3) Vaults:2     Depths (2/4) D:15        Gauntlet (visited)

Altars:
Ashenzari
Cheibriados
Dithmenos
Elyvilon
Fedhas
Gozag
Hepliaklqana
Kikubaaqudgha
Makhleb
Nemelex Xobeh
Okawaru
Qazlal
Ru
Sif Muna
Trog
Uskayaw
Vehumet
Wu Jian
Xom
Yredelemnul
Zin
The Shining One
Jiyva

Shops:
D:8 (   D:9 :   Orc:2 =*:[*   Vaults:1 *!=[   Vaults:4 !   Depths:1 ::=

Portals:
Hell: Depths:1
Ziggurat: Depths:1
Trove: D:12 (give +3 shadow dragon scales)

Annotations:
Shoals:1 Mlioglotl
Abyss:1 Amaemon; Lotaimix's ghost, adept HOFi; Tet Hoda's ghost, adept GrBe


Innate Abilities, Weirdness & Mutations

You have a pair of horns on your head.
You reflexively headbutt those who attack you in melee.


Message History

The sphinx hits you but does no damage. x3
The flayed ghost stares at you with tortured malice.
Terrible wounds spread across more of your body!
* * * LOW HITPOINT WARNING * * *
The deep troll bites you but does no damage.
The deep troll claws you but does no damage. x2
The deep troll bites you but does no damage.
The deep troll claws you but does no damage.
The deep troll completely misses you.
The deep troll bites you but does no damage.
The deep troll claws you but does no damage. x2
The deep troll bites you but does no damage.
The deep troll claws you but does no damage. x2
The sphinx hits you but does no damage. x3
The deep troll bites you but does no damage.
The deep troll claws you but does no damage.
The deep troll claws you!
* * * LOW HITPOINT WARNING * * *
The deep troll bites you but does no damage.
The deep troll claws you!
* * * LOW HITPOINT WARNING * * *
The deep troll claws you but does no damage.
The deep troll bites you!
* * * LOW HITPOINT WARNING * * *
The deep troll claws you.
* * * LOW HITPOINT WARNING * * *
The deep troll claws you but does no damage.
The sphinx hits you but does no damage. x3
The flayed ghost cries, "Feel what I felt!"
Terrible wounds spread across more of your body!
* * * LOW HITPOINT WARNING * * *
The sphinx hits you but does no damage. x3; The deep troll bites you.
* * * LOW HITPOINT WARNING * * *
The deep troll claws you but does no damage.
The deep troll claws you!
* * * LOW HITPOINT WARNING * * *
The deep troll bites you.
* * * LOW HITPOINT WARNING * * *
The deep troll claws you!
You die...

#########
#####....W...
#######..##.W..Z...
...<....[##TT[[....
######...'@TT.....
#.###THTTT... #(#
#TTT..... #.#
#........ #.#
#........ #.#
#........ #.#
#........ #<#
#........ #+#


You could see a sphinx, 4 iron trolls, a flayed ghost (summoned), 6 deep trolls,
a deep troll earth mage, a freezing wraith (summoned) and a glowing shapeshifter
skeleton (summoned).

Vanquished Creatures
  Xtahua (Vaults:2)
  Rupert (D:13)
  2 liches (Depths:1)
  2 sphinxes
  Aizul (Spider:3)
  A shadow dragon (Vaults:4)
  A fire giant (D:15)
  8 vault wardens
  4 emperor scorpions
  6 ghost moths
  Louise (Shoals:1)
  A ghoul (Vaults:2)
  12 ironbound preservers
  2 very ugly things (Depths:1)
  2 broodmothers (Spider:3)
  3 orc warlords
  2 stone giants
  A formless jellyfish (Vaults:3)
  A deep elf annihilator (Vaults:2)
  4 ironbound thunderhulks
  3 dire elephants
  2 minotaurs
  2 spark wasps (Spider:2)
  10 war gargoyles
  The ghost of Didimus the Protected, a journeyman MiFi of the Shining One (D:12)
  An ettin (Depths:1)
  2 fire dragons (Depths:1)
  A merfolk impaler (Depths:1)
  A merfolk javelineer (Depths:1)
  A jiangshi (Vaults:2)
  6 entropy weavers
  A deep elf high priest (Vaults:2)
  3 great orbs of eyes
  5 hydras
  4 peacekeepers
  8 vault guards
  3 ghost crabs (D:11)
  5 yaktaur captains
  An ogre mage (D:15)
  3 ice dragons (Depths:1)
  A spriggan air mage (Depths:1)
  9 ironbound frosthearts
  2 radroaches (Spider:4)
  5 jorogumos
  A dancing weapon (D:12)
  8 boulder beetles
  15 centaur warriors
  8 two-headed ogres
  A deep troll earth mage (Depths:1)
  4 death yaks (Lair:5)
  A deep troll shaman (Depths:1)
  A death scarab (Gauntlet)
  3 orc high priests (Orc:2)
  An occultist (D:14)
  10 demonic crawlers
  A deep elf knight (Vaults:2)
  5 fire crabs (D:11)
  2 skysharks
  5 pharaoh ants
  A spectral catoblepas (Gauntlet)
  A salamander mystic (D:15)
  2 skeletal warriors (D:15)
  32 deep trolls
  6 arcanists
  2 glowing orange brains
  5 orb spiders
  An obsidian statue (D:10)
  A deep elf archer (Vaults:2)
  8 orc knights
  A deep elf zephyrmancer (Vaults:2)
  A phantasmal warrior (Vaults:2)
  3 steelbarb worms
  8 harpies
  15 ironbound convokers
  5 lindwurms
  9 deep elf pyromancers
  A necromancer (Vaults:2)
  11 ugly things
  2 oklob plants (Lair:5)
  12 wolf spiders
  An orc sorcerer (Orc:2)
  3 manticores
  8 elephants
  6 cyclopes
  A spectral boulder beetle (Gauntlet)
  5 moths of wrath
  3 meliai (D:15)
  3 kobold blastminers (Orc:2)
  An apocalypse crab (D:11)
  10 black mambas
  A rust devil (Gauntlet)
  3 gargoyles
  13 vault sentinels
  11 torpor snails
  3 unseen horrors
  Jeremiah (D:7)
  8 cane toads
  27 yaktaurs
  5 rime drakes
  2 efreet (D:15)
  9 komodo dragons
  10 hornets
  A merfolk (shapeshifter) (Vaults:4)
  7 polar bears
  24 tarantellas
  5 trolls
  Prince Ribbit (D:7)
  A dream sheep (Lair:5)
  A wind drake (Shoals:1)
  An elf zombie (Vaults:2)
  Grinder (D:4)
  21 blink frogs
  26 jumping spiders
  10 slime creatures
  16 culicivoras
  3 shadows
  14 spriggans (Lair:5)
  2 wraiths
  A water elemental (Depths:1)
  38 yaks
  A vampire (D:7)
  4 wyverns
  2 ynoxinuls (Gauntlet)
  8 basilisks
  2 steam dragons
  2 humans (D:14)
  4 wargs
  A fire elemental (D:14)
  2 vampire mosquitoes (D:12)
  Grum (Lair:1)
  55 redbacks
  An acid dragon (D:12)
  13 water moccasins
  Duvessa (D:6)
  41 orc warriors
  An ice beast (D:6)
  2 sky beasts
  5 black bears
  7 laughing skulls
  8 boggarts
  7 ogres
  22 wolves
  7 centaurs
  3 phantoms
  17 bullfrogs
  3 kobold brigands
  A human zombie (Vaults:2)
  A gnoll sergeant (D:12)
  8 scorpions
  12 wights
  Dowan (D:6)
  13 killer bees
  3 howler monkeys
  8 electric eels
  3 bombardier beetles
  19 orc priests
  5 hounds
  5 jellies
  A gnoll bouda (D:7)
  6 iron imps (Gauntlet)
  4 sleepcaps
  33 orc wizards
  7 adders
  13 gnolls
  A shadow imp (D:6)
  4 ribbon worms
  A dart slug (D:1)
  70 orcs
  5 ball pythons
  5 endoplasms
  9 giant cockroaches
  5 goblins
  5 hobgoblins
  10 jackals
  7 quokkas
  4 bats
  A frilled lizard (D:1)
  21 kobolds
  7 rats
1154 creatures vanquished.

Vanquished Creatures (collateral kills)
  Mennas (Vaults:2)
  A slime creature (D:12)
  A vault guard (D:14)
  An ironbound frostheart (D:14)
  A death scarab (Gauntlet)
  A tengu warrior (D:14)
  A spectral death yak (Gauntlet)
  An ugly thing (D:12)
  An orc sorcerer (Orc:2)
  A boggart (Vaults:1)
10 creatures vanquished.

Vanquished Creatures (others)
  A centaur warrior (Vaults:1)
  A wolf spider (Spider:3)
2 creatures vanquished.

Grand Total: 1166 creatures vanquished

Notes
Turn   | Place    | Note
-------+----------+-------------------------------------------
     0 | D:1      | monsoonserge the Minotaur Berserker began the quest for the
                  | Orb.
     0 | D:1      | Reached XP level 1. HP: 19/19 MP: 0/0
    87 | D:1      | Reached XP level 2. HP: 18/27 MP: 1/1
    93 | D:1      | Reached skill level 4 in Fighting
   410 | D:1      | Reached ** piety under Trog
   550 | D:1      | Reached XP level 3. HP: 33/33 MP: 2/2
  1385 | D:1      | Reached XP level 4. HP: 39/41 MP: 3/3
  1386 | D:1      | Reached skill level 5 in Axes
  1909 | D:3      | Identified a scroll of acquirement
  1911 | D:3      | Acquired a manual of Armour
  1951 | D:3      | Found a snail-covered altar of Cheibriados.
  2026 | D:3      | Identified the +1 robe of Ru's Favour {-Tele rF- rC++
                  | Regen+}
  2072 | D:3      | Reached XP level 5. HP: 47/47 MP: 4/4
  2711 | D:3      | Found a bloodstained altar of Trog.
  2896 | D:4      | Noticed Grinder
  2911 | D:4      | Killed Grinder
  2912 | D:4      | Reached skill level 5 in Fighting
  2912 | D:4      | Reached XP level 6. HP: 56/56 MP: 5/5
  2988 | D:4      | Found a staircase to the Ecumenical Temple.
  2995 | Temple   | Entered the Ecumenical Temple
  3022 | D:4      | Reached *** piety under Trog
  3118 | D:4      | Reached skill level 5 in Armour
  3176 | D:4      | Reached XP level 7. HP: 61/61 MP: 6/6
  3378 | D:4      | Reached skill level 1 in Maces & Flails
  3741 | D:5      | Entered Level 5 of the Dungeon
  4122 | D:5      | Reached skill level 1 in Throwing
  4159 | D:6      | Reached skill level 6 in Fighting
  4159 | D:6      | Reached XP level 8. HP: 70/70 MP: 7/7
  4279 | D:5      | Found a glowing silver altar of Zin.
  4777 | D:6      | Noticed Duvessa
  4784 | D:6      | Noticed Dowan
  4792 | D:6      | Killed Duvessa
  4796 | D:6      | Killed Dowan
  4952 | D:6      | Reached skill level 5 in Maces & Flails
  5157 | D:6      | Reached skill level 10 in Armour
  5499 | D:6      | Reached XP level 9. HP: 78/78 MP: 8/8
  5729 | D:7      | Reached skill level 7 in Fighting
  5774 | D:7      | Reached **** piety under Trog
  5931 | D:7      | Noticed Prince Ribbit
  5944 | D:7      | Killed Prince Ribbit
  6010 | D:7      | Noticed Jeremiah
  6277 | D:7      | Noticed a brown ugly thing
  6277 | D:7      | Noticed a two-headed ogre
  6343 | D:8      | Reached skill level 5 in Dodging
  6373 | D:8      | Reached XP level 10. HP: 85/88 MP: 9/9
  6624 | D:8      | Reached ***** piety under Trog
  6755 | D:8      | Found Zysiffiaw's Weapon Shoppe.
  6812 | D:8      | Reached skill level 8 in Fighting
  7432 | D:7      | Killed Jeremiah
  7433 | D:7      | Reached skill level 10 in Maces & Flails
  7512 | D:7      | Killed a two-headed ogre
  7516 | D:7      | Killed a brown ugly thing
  7805 | D:9      | Found a hide-covered altar of Uskayaw.
  7860 | D:9      | Noticed a two-headed ogre
  7869 | D:9      | Killed a two-headed ogre
  7917 | D:9      | Reached XP level 11. HP: 95/95 MP: 10/10
  7929 | D:9      | Reached skill level 5 in Throwing
  7943 | D:9      | Found Ticriunt's Book Boutique.
  8269 | D:9      | Noticed a deep elf pyromancer
  8276 | D:9      | Killed a deep elf pyromancer
  8400 | D:9      | Found an ornate altar of the Wu Jian Council.
  8662 | D:9      | Found an opulent altar of Gozag.
  8775 | D:10     | Entered Level 10 of the Dungeon
  8854 | D:10     | Noticed an obsidian statue
  8854 | D:10     | Noticed an orange crystal statue
  9092 | D:10     | Noticed a two-headed ogre
  9123 | D:10     | Killed a two-headed ogre
  9124 | D:10     | Reached skill level 9 in Fighting
  9124 | D:10     | Reached skill level 1 in Evocations
  9254 | D:10     | Found a staircase to the Orcish Mines.
  9936 | D:11     | Found a runed translucent door.
  9942 | D:11     | Noticed a fire crab
 10176 | D:11     | Found a gate leading to a gauntlet.
 10185 | Gauntlet | Entered a Gauntlet
 10185 | Gauntlet | Noticed a fire crab
 10185 | Gauntlet | Found a transporter.
 10185 | Gauntlet | Found a transporter.
 10185 | Gauntlet | Found a transporter.
 10186 | Gauntlet | Found a transporter.
 10191 | Gauntlet | Found a transporter.
 10194 | Gauntlet | Found a transporter.
 10207 | Gauntlet | Found a transporter.
 10207 | Gauntlet | Found a transporter.
 10208 | Gauntlet | Found a transporter.
 10210 | Gauntlet | Found a transporter.
 10212 | Gauntlet | Noticed a death scarab
 10214 | Gauntlet | Found a runed translucent door.
 10214 | Gauntlet | Found a runed translucent door.
 10215 | Gauntlet | Noticed a wretched star
 10219 | Gauntlet | Found a transporter.
 10219 | Gauntlet | Noticed a death scarab
 10220 | Gauntlet | Found a transporter.
 10454 | Gauntlet | Killed a death scarab
 10456 | Gauntlet | Killed a death scarab
 10464 | Gauntlet | Reached skill level 10 in Fighting
 10501 | Gauntlet | Identified the +3 pair of gloves "Wiunwisu" {rN+ rCorr MP+9
                  | Stlth-}
 10528 | Gauntlet | Noticed a minotaur
 10546 | Gauntlet | Killed a minotaur
 10778 | D:11     | Reached XP level 12. HP: 97/108 MP: 11/11
 10792 | D:11     | Noticed a two-headed ogre
 10804 | D:11     | Killed a two-headed ogre
 10805 | D:11     | Reached skill level 11 in Fighting
 10878 | D:11     | Found a staircase to the Lair.
 11418 | D:12     | Reached skill level 12 in Fighting
 11449 | D:12     | Noticed a boulder beetle
 11471 | D:12     | Killed a boulder beetle
 11513 | D:12     | Noticed a boulder beetle
 11532 | D:12     | Killed a boulder beetle
 11639 | D:12     | Found a runed translucent door.
 11640 | D:12     | Found a shimmering altar of Xom.
 11640 | D:12     | Noticed Didimus's ghost (journeyman MiFi)
 11847 | D:12     | Found a portal to a secret trove of treasure.
 11917 | D:12     | Reached skill level 13 in Fighting
 12219 | D:11     | Identified the +0 robe of Generosity {Will+ Str+3 Int+4
                  | SInv}
 12219 | D:11     | Noticed an entropy weaver
 12260 | D:11     | Killed an entropy weaver
 12333 | D:11     | Noticed an entropy weaver
 12344 | D:11     | Killed an entropy weaver
 12345 | D:11     | Reached skill level 14 in Fighting
 12427 | D:11     | Noticed an entropy weaver
 12446 | D:11     | Killed an entropy weaver
 12493 | D:11     | Noticed a ghost crab
 12504 | D:11     | Killed a ghost crab
 12505 | D:11     | Reached XP level 13. HP: 125/125 MP: 12/12
 12853 | Lair:1   | Entered Level 1 of the Lair of Beasts
 12861 | Lair:1   | Reached skill level 15 in Fighting
 13103 | Lair:1   | Identified the +0 leather armour "Docinler" {Int+5}
 13105 | Lair:1   | Acquired a +1 broad axe of distortion
 13388 | Lair:1   | Noticed Grum
 13401 | Lair:1   | Killed Grum
 13984 | Lair:2   | Found a staircase to the Shoals.
 14133 | Lair:2   | Noticed Amaemon
 14147 | Lair:2   | Banished Amaemon
 14817 | Lair:3   | Reached skill level 10 in Axes
 14884 | Lair:3   | Identified the +9 great mace "Fink" {antimagic, Stlth+}
                  | (Trog gifted it to you on level 3 of the Lair of Beasts)
 14884 | Lair:3   | Received a gift from Trog
 15275 | Lair:3   | Found a hole to the Spider Nest.
 15600 | Lair:3   | Identified the +1 leather armour "Lyish" {Str+5 Slay+2}
 15956 | Lair:4   | Reached XP level 14. HP: 135/135 MP: 13/13
 16013 | Lair:4   | Found a runed translucent door.
 16113 | Lair:4   | Received a gift from Trog
 16757 | Lair:5   | Entered Level 5 of the Lair of Beasts
 17056 | Lair:5   | Reached skill level 15 in Axes
 17242 | Lair:5   | Reached ****** piety under Trog
 17361 | Lair:5   | Reached skill level 15 in Armour
 17364 | Lair:5   | Paralysed by a hornet for 1 turns
 17369 | Lair:5   | Reached skill level 16 in Fighting
 17386 | Lair:5   | Received a gift from Trog
 17433 | Lair:5   | Found a viscous altar of Jiyva.
 17433 | Lair:5   | Found a staircase to the Slime Pits.
 18629 | D:12     | Reached skill level 17 in Fighting
 18639 | D:12     | Killed Didimus's ghost
 18640 | D:12     | Reached XP level 15. HP: 147/147 MP: 14/14
 18642 | D:12     | Identified the +0 hand cannon "Tarr" {heavy, Str+5}
 18815 | D:12     | Acquired 856 gold pieces
 18817 | D:12     | Acquired the amulet "Huot" {Acrobat Rampage rPois Slay+4
                  | Stlth-}
 18909 | D:13     | Found an iron altar of Okawaru.
 19098 | D:13     | Identified the +0 mace of the Vulture {pain, Dex+2}
 19250 | D:13     | Received a gift from Trog
 19336 | D:13     | Identified the +0 scale mail "Ciasuh" {Stlth+}
 19388 | D:13     | Identified the +0 ring mail of Beogh's Indignation {+Inv
                  | Will++ Int+3 Slay-3}
 19576 | D:13     | Noticed Rupert
 19592 | D:13     | Killed Rupert
 20075 | D:14     | Found a gate to the Vaults.
 20077 | D:14     | Reached skill level 18 in Fighting
 20553 | D:14     | Got the Quarto of Viperous Lava
 20725 | D:14     | Found a shadowy altar of Dithmenos.
 21011 | D:15     | Entered Level 15 of the Dungeon
 21470 | D:15     | Reached skill level 1 in Shields
 21544 | D:15     | Reached skill level 19 in Fighting
 21551 | D:15     | Found a staircase to the Depths.
 21764 | D:15     | Identified the +4 battleaxe of Ipse Dixit {heavy, Will+
                  | Str+3 Dex+3 Stlth-} (Trog gifted it to you on level 15 of
                  | the Dungeon)
 21764 | D:15     | Received a gift from Trog
 22021 | Orc:1    | Entered Level 1 of the Orcish Mines
 22270 | Orc:2    | Entered Level 2 of the Orcish Mines
 22589 | Orc:1    | Reached skill level 5 in Shields
 22998 | Orc:2    | Found a staircase to the Elven Halls.
 23018 | Orc:2    | Reached XP level 16. HP: 153/160 MP: 15/15
 23043 | Orc:2    | Found Deceurghe's General Store.
 23115 | Orc:2    | Bought a scroll of enchant weapon for 112 gold pieces
 23116 | Orc:2    | Bought 6 curare-tipped darts for 108 gold pieces
 23462 | Orc:2    | Found Enwy's Jewellery Boutique.
 23462 | Orc:2    | Found Teafaqush's General Store.
 23464 | Orc:2    | Found Sokhug's Book Boutique.
 23464 | Orc:2    | Found Caehoe's Armour Emporium.
 23474 | Orc:2    | Bought a sack of spiders for 640 gold pieces
 23741 | Spider:1 | Entered Level 1 of the Spider Nest
 24020 | Spider:1 | Reached skill level 10 in Dodging
 24033 | Spider:1 | Reached skill level 10 in Shields
 24070 | Spider:1 | Identified the +1 ring mail "Uhuotou" {rN+ Will+}
 24095 | Spider:1 | Found a runed translucent gate.
 24095 | Spider:1 | Found a runed translucent gate.
 24095 | Spider:1 | Found a runed translucent gate.
 24105 | Spider:1 | Noticed Lotaimix's ghost (adept HOFi)
 24534 | Spider:2 | Identified the +1 helmet "Kiodyt Xyuch" {+Inv Str+2 Int+4}
 24758 | Spider:2 | Received a gift from Trog
 25915 | Spider:3 | Identified the serpent talisman "Oskuwiz" {rC+ Will+ Str+4}
 25915 | Spider:3 | Noticed Aizul
 25928 | Spider:3 | Killed Aizul
 25942 | Spider:3 | Reached XP level 17. HP: 168/168 MP: 1/16
 26816 | Spider:4 | Entered Level 4 of the Spider Nest
 26886 | Spider:3 | Received a gift from Trog
 27131 | Spider:4 | Found a runed translucent gate.
 27131 | Spider:4 | Found a runed translucent gate.
 27131 | Spider:4 | Found a runed translucent gate.
 27131 | Spider:4 | Noticed Tet Hoda's ghost (adept GrBe)
 27533 | Spider:4 | Reached skill level 15 in Shields
 27704 | Spider:4 | Reached skill level 20 in Fighting
 27854 | Spider:4 | Got a gossamer rune of Zot
 28079 | Spider:4 | Banished Tet Hoda's ghost
 28090 | Spider:4 | Identified the +1 helmet "Osiot" {Int+4}
 28256 | Shoals:1 | Entered Level 1 of the Shoals
 28302 | Shoals:1 | Noticed Louise
 28313 | Shoals:1 | Killed Louise
 28364 | Shoals:1 | Noticed Mlioglotl
 28475 | Spider:1 | Reached skill level 5 in Evocations
 28484 | Spider:1 | Banished Lotaimix's ghost
 28847 | Vaults:1 | Entered Level 1 of the Vaults
 28871 | Vaults:1 | Identified the +3 flail of Orb Guardian's Peril {heavy,
                  | Str+3} (Trog gifted it to you on level 1 of the Vaults)
 28871 | Vaults:1 | Received a gift from Trog
 29121 | Vaults:1 | Found Takhleqoi's Jewellery Emporium.
 29473 | Vaults:1 | Reached XP level 18. HP: 159/180 MP: 17/17
 29557 | Vaults:1 | Reached skill level 21 in Fighting
 29871 | Vaults:1 | Found Fabesidi's Antique Armour Shop.
 29878 | Vaults:1 | Bought a pair of glowing boots for 375 gold pieces
 30043 | Vaults:1 | Found Aluxt's Distillery.
 30471 | Vaults:1 | Found Qykka's Assorted Antiques.
 30479 | Vaults:1 | Bought a scroll labelled CEPREF MAJAO for 41 gold pieces
 30656 | Vaults:2 | Noticed Mennas
 30679 | Vaults:2 | Killed Mennas
 31138 | Vaults:2 | Received a gift from Trog
 32061 | Vaults:2 | Noticed Xtahua
 32079 | Vaults:2 | Killed Xtahua
 32745 | Vaults:2 | Found a staircase to the Crypt.
 33076 | Vaults:3 | Reached skill level 1 in Stealth
 33168 | Vaults:3 | Received a gift from Trog
 33169 | Vaults:3 | Reached XP level 19. HP: 156/191 MP: 18/18
 33181 | Vaults:3 | Found a flickering gateway to a bazaar.
 33206 | Bazaar   | Entered a bazaar
 33207 | Bazaar   | Found Tosuthiq's Antique Weapon Shoppe.
 33216 | Bazaar   | Found Wecs's Jewellery Emporium.
 33246 | Bazaar   | Found Neroedoph's General Store.
 33254 | Bazaar   | Found Nasaeneu's Jewellery Shoppe.
 33300 | Bazaar   | Bought the ring "Giposohi" {*Corrode rF++ rC+ Str+6 Int+3}
                  | for 1091 gold pieces
 33395 | Vaults:3 | Reached skill level 22 in Fighting
 33986 | Vaults:3 | Identified the +0 ring mail "Kogrot" {Int+5 Stlth-}
 34088 | Vaults:3 | Found Zinkal's Jewellery Shoppe.
 34240 | Vaults:4 | Found Muuwneov's Distillery.
 34612 | Vaults:4 | Received a gift from Trog
 35515 | Depths:1 | Entered Level 1 of the Depths
 35544 | Depths:1 | Reached skill level 23 in Fighting
 35652 | Depths:1 | Identified the ring of Xom's Amusement {Fire +Blink rElec
                  | Will+}
 35721 | Depths:1 | Found a glowing golden altar of the Shining One.
 35873 | Depths:1 | Found a one-way gateway to a ziggurat.
 35981 | Depths:1 | Found Byoj's Jewellery Shoppe.
 35981 | Depths:1 | Found Dayna's Book Boutique.
 35982 | Depths:1 | Found Titycvulo's Book Boutique.
 36484 | Depths:1 | Found a gateway to Hell.
 36973 | Depths:2 | Paralysed by a sphinx for 5 turns
 36977 | Depths:2 | Slain by a deep troll

Illustrated notes

Levels and vault maps discovered:
D:1:      saegor_arrival_simple_a, layout_loops_corners, minmay_surrounded
D:2:      minmay_chambers_of_ones, layout_basic, minmay_pentomino_z2
D:3:      layout_loops_ring, trog_butcher_becter, cheibriados_altar_1,
          chequers_serial_rivers_large_b, chequers_serial_rivers_micro_a,
          serial_bayou_lagoon_b
D:4:      layout_basic, temple_green, uniq_grinder
D:5:      layout_basic, marbit_many_paths, chequers_garden, small_statue_alley_b
D:6:      minmay_recursive_quarters, layout_loops_ring, uniq_duvessa
D:7:      minmay_chambers_of_sevens, layout_loops_ring, serial_park_tiny_2,
          minmay_microvault, uniq_jeremiah, uniq_prince_ribbit1
D:8:      layout_rooms, serial_glass, glass_columns_a, glass_columns_a,
          serial_shops, shop, grunt_ministairs_3
D:9:      layout_basic, mainiacjoe_overflow_alcove_4,
          mainiacjoe_overflow_concentric_impassable, lemuel_crystal_altar,
          serial_shops, shop
D:10:     layout_long_grid, david_orc_3, minivault_14, david_greed
D:11:     gammafunk_mikee_crab_dinner, layout_basic, lair_entry_dummy,
          gauntlet_entry_generic
D:12:     layout_loops_ring, ebering_ghost_xom, enter_trove_3,
          serial_park_tiny_2
D:13:     evilmike_iron_armoury, layout_long_grid, uniq_rupert
D:14:     cheibrodos_lost_city_excavation, layout_basic,
          hellmonk_vaults_keyhole, grunt_dithmenos_smoke_and_mirrors
D:15:     hangedman_depths_entry_try_elsewhere_first, layout_rooms,
          lemuel_flamethrower_2
Temple:   regret_index_temple_sphere_string
Lair:1:   layout_gridlike, serial_bayou_shore_b, infiniplex_staircase_pool,
          lemuel_fruit_tree, grunt_megastairs_3, serial_bayou_shore_b, uniq_grum
Lair:2:   hellmonk_ruined_rings, layout_cave_pods, shoals_dummy_entry,
          uniq_amaemon
Lair:3:   layout_cave_pods, nicolae_spider_entry_non_spiders,
          infiniplex_staircase_pool_2, grunt_megastairs_5, serial_bayou_shore_b
Lair:4:   dreamdust_labyrinth, layout_small_grid
Lair:5:   minmay_lair_end_enchanted_forest, layout_loops_ring, slime_entry_1,
          dpeg_oklob_1, grunt_megastairs_2
Shoals:1: layout_shoals, uniq_mlioglotl, uniq_louise
Spider:1: layout_spider_delve, gammafunk_ghost_split
Spider:2: nicolae_spider_hilbert_zone_5 [nicolae_spider_hilbert_3_sides_1_open,
          nicolae_spider_hilbert_4_sides_1_open,
          nicolae_spider_hilbert_4_sides_1_open,
          nicolae_spider_hilbert_6_sides_1_open,
          nicolae_spider_hilbert_6_sides_1_open], nicolae_spider_bug_shape
Spider:3: layout_spider_delve, uniq_aizul
Spider:4: spider_rune_water, gammafunk_ghost_split
Orc:1:    layout_caves
Orc:2:    grunt_orc_tribal_feast, layout_caves, serial_shops,
          nicolae_shop_peninsula, abandoned_shop
Vaults:1: nicolae_vaults_variable_pillar_hall, nicolae_vaults_house_2,
          ontoclasm_vaults_pinch, nicolae_vaults_little_squares_4, v_misc_29,
          nicolae_vaults_closet_pinwheel_2, nicolae_vaults_closet_pinwheel_5,
          vaults_room_semicircle, nicolae_vaults_closet_pinwheel_3,
          nicolae_vaults_network_square, nicolae_vaults_closet_pinwheel_3,
          nicolae_vaults_little_squares_4, nicolae_vaults_storage_room_doors,
          layout_vaults_omnicross, serial_shops, nicolae_square_shop,
          nicolae_shop_stone, nicolae_shop_behind_doors, shop
Vaults:2: vaults_standard_mumra_lines, v_misc_10, hangedman_vaults_stitches,
          v_misc_24, minmay_crypt_entry_simple_walls, vaults_room_grid,
          nicolae_vaults_house_2, nicolae_vaults_asterisk,
          nicolae_vaults_double_plus_1, hangedman_vaults_stretched_pinwheel,
          nicolae_vaults_theta, layout_vaults_omnigrid, uniq_xtahua, uniq_mennas
Vaults:3: hangedman_vaults_snaps, dpeg_vaults_monster_box, v_misc_33,
          nicolae_vaults_apartment_2, nicolae_vaults_back_hallway,
          v_alt_pattern_5, nicolae_vaults_spaceships, v_misc_15, gargoyle_guard,
          v_misc_1, layout_vaults_maze_bifur, serial_shops, bzr_in_the_mist,
          nicolae_lakefront_shop
Vaults:4: ontoclasm_vaults_ring_large, st_lines, vaults_room_grid, v_pattern_4,
          v_rooms_1, nicolae_vaults_specimen_jars, v_misc_5,
          nicolae_vaults_tangram_1, vaults_dpeg_encased_lava,
          layout_vaults_ring, serial_shops, nicolae_shop_stone, uniq_jory
Depths:1: layout_gridlike, enter_ziggurat_a, minmay_misc_feat_enclosed,
          hell_entry, chequers_big_river, st_stairs_9,
          nicolae_tso_swordbearing_angel, minmay_shop_grove
Depths:2: regret_index_makhleb_lecture_halls, layout_gridlike, pan_entry,
          hell_entry, elyvilon_altar_4

Skill      XL: |  1  2  3  4  5  6  7  8  9 10 11 12 13 14 15 16 17 18 19 |
---------------+----------------------------------------------------------+-----
Axes           | 4 5 6 13 16 | 16.1
Fighting       | 4 5 6 7 8 10 14 15 17 19 20 21 23 | 23.2
Dodging        | 3 4 5 6 8 9 10 | 10.5
Armour         | 4 5 8 11 13 14 15 16 17 18 | 18.4
Maces & Flails | 4 5 8 11 13 | 13.3
Throwing       | 1 2 3 4 6 7 8 9 |  9.2
Evocations     | 3 4 5 8 9 |  9.5
Shields        | 6 14 16 18 19 | 19.8
Stealth        | 1 |  1.6

Action                     |  1- 3 |  4- 6 |  7- 9 | 10-12 | 13-15 | 16-18 | 19-21 || total
---------------------------+-------+-------+-------+-------+-------+-------+-------++-------
  Melee: Hand axe          |    86 |    80 |       |       |       |       |       ||   166
         Headbutt          |    14 |    17 |    32 |   100 |   205 |   298 |    76 ||   742
         Flail             |       |    17 |   180 |   495 |    68 |       |       ||   760
         Punch             |       |       |     3 |     5 |     9 |       |       ||    17
         Mace              |       |       |   105 |       |       |       |       ||   105
         Broad axe         |       |       |       |       |   808 |   995 |   292 ||  2095
  Throw: Boomerang         |       |       |    37 |     9 |    21 |     5 |       ||    72
         Dart              |       |       |    15 |    36 |    24 |     2 |       ||    77
         Javelin           |       |       |       |       |     1 |     6 |       ||     7
 Invoke: Berserk           |     1 |     1 |     3 |     9 |     3 |     5 |       ||    22
         Trog's Hand       |       |       |     1 |       |     1 |     1 |       ||     3
         Brothers in Arms  |       |       |       |     2 |     1 |     3 |       ||     6
  Evoke: Wand              |       |       |       |       |    22 |       |     1 ||    23
         Phantom mirror    |       |       |       |       |       |     1 |       ||     1
    Use: Scroll            |       |     7 |     4 |     2 |    19 |     8 |       ||    40
         Potion            |       |       |       |     1 |     1 |     3 |       ||     5
   Stab: Invisible         |       |       |       |       |     1 |       |       ||     1
 Armour: Animal skin       |    15 |       |       |       |       |       |       ||    15
         Leather armour    |    31 |    18 |       |       |       |       |       ||    49
         Chain mail        |       |    41 |   257 |   379 |   337 |       |       ||  1014
         Skin              |       |       |       |    12 |       |       |       ||    12
         Plate armour      |       |       |       |       |    98 |   393 |   154 ||   645
  Dodge: Dodged            |    68 |    48 |   170 |   329 |   827 |   541 |    92 ||  2075
  Block: Kite shield       |       |       |       |       |    44 |    73 |       ||   117
         Tower shield      |       |       |       |       |       |   692 |   224 ||   916
